 Dungeon Crawl Stone Soup version 0.27-a0-334-g52645efa06 (webtiles) character file.

Game seed: 13946093132702477262

46 sahdkjhfkaj the Poker (level 3, -3/29 HPs)
             Began as a Merfolk Berserker on Feb 13, 2021.
             Was a Follower of Trog.
             Slain by an orc
             ... wielding a +0 dagger
              (5 damage)
             ... on level 4 of the Dungeon.
             The game lasted 00:01:24 (306 turns).

sahdkjhfkaj the Poker (Merfolk Berserker)            Turns: 306, Time: 00:01:25

Health: -3/29      AC:  2    Str: 18    XL:     3   Next: 68%
Magic:  3/3        EV: 13    Int:  6    God:    Trog [*.....]
Gold:   0          SH:  0    Dex: 13    Spells: 2/2 levels left

rFire    . . .     SeeInvis .   a - +0 spear
rCold    . . .     Faith    .   (no shield)
rNeg     . . .     Spirit   .   b - +0 animal skin
rPois    .         Reflect  .   (no helmet)
rElec    .         Harm     .   (no cloak)
rCorr    .         Rampage  .   (no gloves)
Will     .....                  (no boots)
Stlth    +.........             (no amulet)
HPRegen  0.09/turn              (no ring)
MPRegen  0.08/turn              (no ring)

@: berserk cooldown, slowed, very slow
A: change form in water, swift swim, stealthy swim
a: Renounce Religion, Berserk


You were on level 4 of the Dungeon.
You worshipped Trog.
Trog was aware of your devotion.
You visited 1 branch of the dungeon, and saw 4 of its levels.

Inventory:

Hand Weapons
 a - a +0 spear (weapon)
Armour
 b - a +0 animal skin (worn)
Wands
 c - a wand of charming (9)


   Skills:
 - Level 3.2 Fighting
 + Level 6.6 Polearms
 - Level 1.3 Armour
 - Level 2.6 Dodging


You had 2 spell levels left.
You didn't know any spells.
Your spell library was empty.

Dungeon Overview and Level Annotations

Branches:
Dungeon (4/15)
 Temple: D:4-7

Altars:


Message History

You puncture the orc!
You kill the orc!
Trog accepts your kill.
Unknown command.
You hit the orc.
You kill the orc!
Trog accepts your kill. The orc completely misses you.
Unknown command.
You are no longer berserk.
You are exhausted.
You feel yourself slow down.
Items here: )) [[ ††.
The orc barely misses you. The orc hits you with a +0 dagger.
* * * LOW HITPOINT WARNING * * *
Unknown command.
The orc hits you with a +0 dagger.
* * * LOW HITPOINT WARNING * * *
Items here: )) [[ ††.
You closely miss the orc. The orc hits you with a +0 dagger.
* * * LOW HITPOINT WARNING * * *
The orc closely misses you.
Unknown command.
The orc hits you but does no damage.
Unknown command.
Unknown command.
Unknown command.
You barely miss the orc. The orc hits you but does no damage.
You hit the orc.
The orc is heavily wounded.
The orc closely misses you.
Unknown command.
You hit the orc.
The orc is heavily wounded.
The orc completely misses you.
Unknown command.
You barely miss the orc.
The orc is heavily wounded.
The orc closely misses you. The orc hits you with a +0 dagger.
You die...

#...............
##...........##### ##...
#..........##...##.....
#..........#..........#
..........##......?.....
.................$......
##.####?####............
#. #..##...=.....[...# #
#.....#...)@##?.
....(....)o##
..<######...# ... #....
#..... ....... ##....###
##...#


You could see an orc.

Vanquished Creatures
  An orc wizard (D:4)
  A howler monkey skeleton (D:4)
  3 orcs (D:4)
  A goblin (D:2)
  2 hobgoblins (D:2)
  A frilled lizard (D:1)
  2 kobolds (D:3)
11 creatures vanquished.

Notes
Turn   | Place    | Note
-------+----------+-------------------------------------------
     0 | D:1      | sahdkjhfkaj the Merfolk Berserker began the quest for the
                  | Orb.
     0 | D:1      | Reached XP level 1. HP: 18/18 MP: 1/1
    68 | D:3      | Reached skill level 5 in Polearms
   116 | D:4      | Reached XP level 2. HP: 15/24 MP: 2/2
   286 | D:4      | Reached skill level 6 in Polearms
   286 | D:4      | Reached XP level 3. HP: 29/29 MP: 3/3
   306 | D:4      | Slain by an orc

Illustrated notes

Levels and vault maps discovered:
D:1:      lightli_arrival_windingriver, layout_loops_ring
D:2:      layout_loops_cross, tgw_trog
D:3:      layout_rooms, makhleb_heckhound_becter
D:4:      layout_rooms, kennysheep_ying_yang, minmay_temple_entry_trees,
          grunt_ministairs_10

Skill      XL: |  1  2 |
---------------+-------+-----
Polearms       | 5 6 |  6.6
Fighting       | |  3.2
Armour         | |  1.3
Dodging        | |  2.6

Action                   || total
-------------------------++-------
Melee: Spear             ||    39
Invok: Berserk           ||     3
 Stab: Sleeping          ||     1
Armor: Animal skin       ||     4
Dodge: Dodged            ||    33

Table legend: (Time is in decaauts)
 A = Elapsed time spent in this place.
 B = Non-inter-level travel time spent in this place.
 C = Inter-level travel time spent in this place.
 D = Time resting spent in this place.
 E = Time spent auto-exploring this place.
 F = Levels seen in this place.
 G = Mean time per level.
                   A        B        C        D        E       F      G
               +--------+--------+--------+--------+--------+-----+--------+
         Total |    316 |    316 |      0 |    183 |     16 |   4 |   79.0 |
       Dungeon |    316 |    316 |      0 |    183 |     16 |   4 |   79.0 |
               +--------+--------+--------+--------+--------+-----+--------+

Top non-repeatable levels by time:
     D:4: 205 daAuts
     D:3: 50 daAuts
     D:1: 33 daAuts
     D:2: 27 daAuts
